 Dungeon Crawl Stone Soup version 0.32-a0-86-g8db1b9f803 (webtiles) character file.

Game seed: 12824269446923241337

8200 cforsyth the Fighter (level 11, -4/81 HPs)
             Began as a Djinni Warper on Feb 5, 2024.
             Was a Plaything of Xom.
             Slain by a yak (9 damage)
             ... on level 10 of the Dungeon.
             The game lasted 00:20:24 (13521 turns).

cforsyth the Fighter (Djinni Warper)               Turns: 13521, Time: 00:20:24

Health: -4/81      AC: 14    Str: 10    XL:     11   Next: 51%
Gold:   1061       EV: 12    Int: 25    God:    Xom [*.....] SH:  4 Dex: 11

rFire   + + .        C - +2 falchion (protect)
rCold   x . .        (no shield)
rNeg    . . .        D - +2 robe {rC+}
rPois   ∞            r - +2 hat
rElec   .            F - +0 cloak
rCorr   .            (no gloves)
SInv    .            (boots unavailable)
Will    +....        (no amulet)
Stlth   +            B - +6 ring of intelligence
HPRegen 0.00/turn    G - ring of wizardry
MPRegen 0.00/turn

%: wizardry (x1), infuse magic (-5 HP)
@: under a protective aura, flying, inhibited regen
A: sickness immunity, fire resistance 2, cold vulnerability 2, float, innate
caster, HP casting, extra vitality 1, large bone plates 1, clumsy 1, frail 1,
inhibited regeneration
a: Renounce Religion


You were on level 10 of the Dungeon.
You worshipped Xom.
You were a special plaything of Xom.
You visited 1 branch of the dungeon, and saw 10 of its levels.
You also visited: Bailey.

You collected 1061 gold pieces.

Inventory:

Hand Weapons
 e - the +7 hand axe of Malum In Se {drain, *Noise rN+ Str+4}
   (You found it on level 10 of the Dungeon)

   Str+4:     It affects your strength (+4).
   rN+:       It protects you from negative energy.
   *Noise:    It may make a loud noise when swung.
 g - a +2 dagger of venom
 C - a +2 falchion of protection (weapon)
Missiles
 d - 7 darts of dispersal
 k - 10 poisoned darts
 L - 2 curare-tipped darts
Armour
 h - a +0 helmet
 r - a +2 hat (worn)
 D - a +2 robe of cold resistance (worn)
 F - a +0 cloak (worn)
Jewellery
 n - a ring of fire
 B - a +6 ring of intelligence (left hand)
 G - a ring of wizardry (right hand)
Wands
 u - a wand of mindburst (2)
 v - a wand of polymorph (10)
 y - a wand of flame (50)
Scrolls
 a - 2 scrolls of noise {unknown}
 b - a scroll of revelation
 f - a scroll of immolation {unknown}
 p - a scroll of summoning {unknown}
 q - a scroll of silence {unknown}
 w - a scroll of torment {unknown}
 x - a scroll of vulnerability
 A - 4 scrolls of fog
Potions
 c - a potion of magic {unknown}
 i - a potion of cancellation {unknown}
 j - a potion of ambrosia {unknown}
 m - 3 potions of lignification
 o - a potion of resistance
 t - 3 potions of curing
 z - a potion of haste
 I - 5 potions of enlightenment
Miscellaneous
 s - a condenser vane


   Skills:
 + Level 12.5 Fighting
 - Level 1.7 Long Blades
 - Level 0.7 Throwing
 - Level 1.0 Armour
 - Level 2.1 Dodging
 + Level 9.8 Spellcasting
 + Level 9.8 Conjurations
 + Level 9.8 Hexes
 + Level 9.8 Summonings
 + Level 9.8 Necromancy
 + Level 9.8 Translocations
 + Level 9.8 Fire Magic
 + Level 9.8 Ice Magic
 + Level 9.8 Air Magic
 + Level 9.8 Earth Magic
 + Level 9.8 Alchemy


You knew the following spells:

 Your Spells              Type           Power      Damage    Failure   Level
a - Blink                 Tloc           100%       N/A       1%          2
b - Lesser Beckoning      Tloc           100%       N/A       1%          2
c - Teleport Other        Tloc           58%        N/A       1%          3
d - Manifold Assault      Tloc           58%        N/A       1%          4
e - Vhi's Electric Charg  Tloc/Air       100%       N/A       1%          4
f - Foxfire               Conj/Fire      100%       2x1d9     1%          1
g - Jinxbite              Hex            100%       N/A       1%          2
h - Ensorcelled Hibernat  Hex/Ice        100%       N/A       1%          2
i - Leda's Liquefaction   Alch/Erth      29%        N/A       1%          4
j - Martyr's Knell        Necr/Summ      58%        N/A       1%          4
Your spell library was empty.

Dungeon Overview and Level Annotations

Branches:
Dungeon (10/15)            Temple (0/1) D:5            Lair (0/5) D:9
 Bailey (visited)
    Orc: D:9-12

Altars:
Fedhas
Xom

Annotations:
D:3 1 runed translucent door, Crazy Yiuf
D:4 4 runed translucent doors
D:10 3 runed translucent doors, Azoth's ghost, journeyman DrSh


Innate Abilities, Weirdness & Mutations

You are immune to sickness and miasma.
You are immune to poison.
Your flesh is very heat resistant. (rF++)
You are very vulnerable to cold. (rC--)
You float through the air rather than walking.
You learn spells naturally, not from books.
Your magical power is your life essence.
You have superior vitality. (+4 MHP)
You are partially covered in large bone plates. (SH +4)
You are clumsy. (Dex -2)
You are frail. (-10% HP)
You do not regenerate when monsters are visible.


Message History

The yak is severely wounded.
The foxfire hits the yak.
The yak is severely wounded.
The foxfire hits the yak.
The yak is almost dead.
The yak gores you! The yak closely misses you.
An orc comes into view. It is wielding a +0 dagger.
Casting: Foxfire (safe; 1% risk of failure)
Confirm with . or Enter, or press ? or * to list all spells.
You blink.
An orc wizard and 3 orcs come into view.
Found 24 gold pieces.
The orc wizard shouts!
The orc shouts! x2
The foxfire hits the yak.
The yak is moderately wounded.
The foxfire hits the yak but does no damage.
The yak gores you!
The orc hits you from afar with a +0 trident.
The air fills with toxic fumes!
As you read the scroll of poison, it crumbles to dust.
The orc barely misses you.
The orc hits you from afar with a +0 trident.
The yak gores you. The yak gores you!
* * * LOW HITPOINT WARNING * * *
The orc hits you with a +0 trident.
* * * LOW HITPOINT WARNING * * *
The yak is engulfed in poison gas.
The yak is poisoned.
The orc barely misses you.
You hit the orc.
Your weapon exudes an aura of protection.
The orc is almost dead.
You feel ready to blink again. The yak gores you.
* * * LOW HITPOINT WARNING * * *
The orc hits you but does no damage. x2; The orc completely misses you.
The orc barely misses you. The yak gores you!
* * * LOW HITPOINT WARNING * * *
The orc hits you but does no damage. The yak gores you!
You die...
Xom thinks this is hilarious!

,,,,...............######***,,,,,
,,,*#######.####....§§§.,,,,,,,,,
,,,* #.# **...§§§.,,,,,,,,, ,,,*
#.# **.§§§#****,,,,,, ,,,* #.#
*§§§#* *,,,,,,
,,.########§######§§§# *,,,,,,
,,.......§§.§§§§§§§§§###***,,,,,,
,,........§§YY§YYo§§§§§.,,,,,,,,,
,*#####..§§.§§oY@o§§oo§.,,,,,,,,,
,* #..§#########§§§§.,,,,,,,,, ,*
#...# *,,.§.,,,,,,,,,
,*****#...#********,,,,.,,,,,,,,,
,,,,,,.....,,,,,,,,,,,,,,,>,,,,,,
,,,,,......,,,,,,,,,,,,,,,,,,,,,,
**,,.......,,,,,,,************,,,
,,,,,,,,,,,,,,,,,,,,,,,,,,,,,,,,,
,,,,,,,,,,,,,,,,,,,,,,,,,,,,,,,,,


You could see 5 yaks, an orc wizard and 4 orcs.

Vanquished Creatures
  A centaur warrior (D:10)
  Jeremiah (D:8)
  A komodo dragon (D:9)
  Grinder (D:6)
  Sigmund (D:3)
  A culicivora (D:8)
  8 yaks
  2 wyverns
  2 steam dragons
  3 water moccasins
  6 orc warriors
  3 ice beasts
  2 black bears
  A centaur (D:9)
  3 phantoms
  3 kobold brigands
  2 bullfrogs
  6 scorpions
  3 gnoll sergeants
  9 wights
  13 killer bees
  A howler monkey (D:6)
  2 bombardier beetles (D:5)
  5 jellies
  3 hounds
  4 orc priests
  A gnoll bouda (D:4)
  3 iguanas
  11 orc wizards
  Ijyb (D:3)
  18 gnolls
  10 adders
  3 shadow imps (D:7)
  A white imp (D:5)
  2 ufetubi (D:6)
  3 dart slugs
  2 ribbon worms
  43 orcs
  7 ball pythons
  10 endoplasms
  A giant cockroach (D:3)
  8 hobgoblins
  11 jackals
  2 quokkas
  7 bats
  3 frilled lizards
  9 goblins
  27 kobolds
  2 rats (D:2)
272 creatures vanquished.

Vanquished Creatures (collateral kills)
  2 foxfires (D:9)
2 creatures vanquished.

Vanquished Creatures (others)
  2 kobolds (D:8)
  1638 foxfires
1640 creatures vanquished.

Grand Total: 1914 creatures vanquished

Notes
Turn   | Place    | Note
-------+----------+-------------------------------------------
     0 | D:1      | cforsyth the Djinni Warper began the quest for the Orb.
     0 | D:1      | cforsyth set off with the following spells memorised:
                  | Blink, Lesser Beckoning, Teleport Other, Manifold Assault,
                  | Vhi's Electric Charge.
     0 | D:1      | Reached XP level 1. HP: 18/18 MP: 0/0
   115 | D:1      | Reached XP level 2. HP: 15/23 MP: 0/0
   419 | D:1      | Reached XP level 3. HP: 14/29 MP: 0/0
   419 | D:1      | Learned a level 1 spell: Foxfire
  1056 | D:2      | Reached skill level 3 in Fighting
  1276 | D:2      | Found a faded altar of an unknown god.
  1395 | D:2      | Reached XP level 4. HP: 34/35 MP: 0/0
  1433 | D:2      | Prayed at the altar of an unknown god.
  1433 | D:2      | Became a worshipper of Xom the Capricious
  1465 | D:2      | XOM: divination: detect creatures
  1579 | D:2      | XOM: cloud trail
  2113 | D:2      | XOM: silly message
  2255 | D:3      | Reached XP level 5. HP: 36/41 MP: 0/0
  2255 | D:3      | Learned a level 2 spell: Jinxbite
  2423 | D:3      | Found a runed translucent door.
  2424 | D:3      | Noticed Crazy Yiuf
  2464 | D:3      | Reached skill level 4 in Fighting
  2492 | D:3      | XOM: silly message
  2564 | D:3      | Noticed Sigmund
  2571 | D:3      | Killed Sigmund
  2571 | D:3      | Noticed Ijyb
  2572 | D:3      | Reached skill level 5 in Fighting
  2572 | D:3      | Reached XP level 6. HP: 42/49 MP: 0/0
  2581 | D:3      | Killed Ijyb
  2582 | D:3      | Reached XP level 7. HP: 34/54 MP: 0/0
  2582 | D:3      | Learned a level 2 spell: Ensorcelled Hibernation
  2778 | D:3      | XOM: silly message
  2911 | D:3      | XOM: divination: magic mapping
  3072 | D:4      | XOM: noise
  3149 | D:4      | XOM: silly message
  3160 | D:4      | XOM: divination: magic mapping
  3201 | D:4      | Found a large runed translucent door.
  3201 | D:4      | Found a large runed translucent door.
  3205 | D:4      | Found a large runed translucent door.
  3205 | D:4      | Found a large runed translucent door.
  3421 | D:4      | Reached skill level 5 in Spellcasting
  3421 | D:4      | Reached skill level 5 in Conjurations
  3421 | D:4      | Reached skill level 5 in Hexes
  3421 | D:4      | Reached skill level 5 in Summonings
  3421 | D:4      | Reached skill level 5 in Necromancy
  3421 | D:4      | Reached skill level 5 in Translocations
  3421 | D:4      | Reached skill level 5 in Fire Magic
  3421 | D:4      | Reached skill level 5 in Ice Magic
  3421 | D:4      | Reached skill level 5 in Air Magic
  3421 | D:4      | Reached skill level 5 in Earth Magic
  3421 | D:4      | Reached skill level 5 in Alchemy
  3593 | D:4      | XOM: divination: detect items
  3599 | D:4      | Reached skill level 6 in Fighting
  3606 | D:4      | Reached XP level 8. HP: 46/61 MP: 0/0
  3646 | D:4      | XOM: 2-stop teleportation journey
  3806 | D:4      | XOM: scenery: create altars
  3863 | D:4      | XOM: give mutations
  3863 | D:4      | Gained mutation: You are clumsy. (Dex -2) [Xom's mischief]
  3863 | D:4      | Gained mutation: You sometimes lose your temper in combat.
                  | [Xom's mischief]
  3957 | D:4      | XOM: divination: detect items
  4585 | D:5      | Entered Level 5 of the Dungeon
  4796 | D:5      | Reached skill level 7 in Fighting
  4836 | D:5      | Found a staircase to the Ecumenical Temple.
  5222 | D:5      | XOM: summons friendly white imp
  5226 | D:5      | Reached XP level 9. HP: 64/70 MP: 0/0
  5226 | D:5      | Learned a level 4 spell: Leda's Liquefaction
  5257 | D:5      | XOM: scenery: summon butterflies
  5261 | D:5      | Reached skill level 8 in Fighting
  5271 | D:5      | XOM: noise
  5459 | D:5      | XOM is BORED!
  5509 | D:5      | XOM: torment (36/70 hp)
  5959 | D:6      | Noticed Grinder
  5971 | D:6      | Killed Grinder
  5972 | D:6      | Reached skill level 9 in Fighting
  6591 | D:7      | XOM: enchant monster (good)
  6682 | D:7      | Reached XP level 10. HP: 76/78 MP: 0/0
  6880 | D:7      | XOM: give mutation
  6880 | D:7      | Gained mutation: You are partially covered in large bone
                  | plates. (SH +4) [Xom's grace]
  6889 | D:7      | XOM: 2-stop teleportation journey
  7246 | D:7      | Reached skill level 10 in Fighting
  7402 | D:7      | You are sucked into a shaft and drop 2 floors!
  7942 | D:8      | XOM: enchant monster (bad)
  7943 | D:8      | XOM: 2-stop teleportation journey
  7950 | D:8      | XOM: stat loss: -1 Dex (10/11)
  8103 | D:9      | XOM: 5-stop teleportation journey
  8189 | D:9      | XOM: potion effect (invisibility)
  8338 | D:9      | Found a staircase to the Lair.
  8338 | D:9      | Noticed a komodo dragon
  8358 | D:9      | HP: 2/81 [wyvern (13)]
  8672 | D:9      | XOM: confuse monster(s)
  8677 | D:9      | XOM: cast spell 'Iskenderun's Battlesphere'
  8683 | D:9      | Reached skill level 11 in Fighting
  8717 | D:9      | XOM: cloud trail
  8869 | D:9      | XOM: chaos upgrade
  9032 | D:9      | XOM: noise
  9302 | D:9      | XOM: noise
  9307 | D:9      | XOM: potion effect (heal wounds)
  9312 | D:9      | Killed a komodo dragon
  9329 | D:9      | XOM: 2-stop teleportation journey
  9674 | D:8      | XOM: enchant monster (bad)
  9695 | D:8      | XOM: noise
  9731 | D:7      | XOM: summons 2 hostile shadow creatures
 10095 | D:8      | XOM: give mutation
 10095 | D:8      | Lost mutation: You sometimes lose your temper in combat.
                  | [Xom's mischief]
 10119 | D:8      | Noticed Jeremiah
 10127 | D:8      | XOM: silly message
 10147 | D:7      | XOM: noise
 10294 | D:8      | XOM: divination: detect creatures
 10296 | D:8      | Killed Jeremiah
 10297 | D:8      | Reached XP level 11. HP: 87/87 MP: 0/0
 10297 | D:8      | Learned a level 4 spell: Martyr's Knell
 10440 | D:8      | XOM: 3-stop teleportation journey
 10666 | D:8      | XOM: summons 4 hostile shadow creatures
 10682 | D:8      | Found a blossoming altar of Fedhas.
 10943 | D:8      | XOM: fake destruction
 10957 | D:8      | XOM: scenery: create altars
 10965 | D:8      | XOM: polymorph yak -> culicivora
 11229 | D:8      | XOM: divination: detect items
 11298 | D:8      | XOM: divination: detect creatures
 11443 | D:8      | Reached skill level 12 in Fighting
 11527 | D:8      | XOM: 1-stop teleportation journey
 11650 | D:8      | XOM: summons friendly crimson imp
 11920 | D:8      | Found a shimmering altar of Xom.
 12117 | D:8      | XOM: give mutations
 12117 | D:8      | Gained mutation: You do not regenerate when monsters are
                  | visible. [Xom's mischief]
 12117 | D:8      | Gained mutation: Potions are less effective at restoring
                  | your health. [Xom's mischief]
 12128 | D:8      | XOM: give mutations
 12128 | D:8      | Lost mutation: Potions are less effective at restoring your
                  | health. [Xom's mischief]
 12128 | D:8      | Gained mutation: You are very vulnerable to cold. (rC--)
                  | [Xom's mischief]
 12247 | D:10     | Entered Level 10 of the Dungeon
 12261 | D:10     | Noticed a centaur warrior
 12276 | D:10     | HP: 1/89 [centaur warrior (10)]
 12279 | D:10     | XOM: enchant monster (bad)
 12280 | D:10     | Killed a centaur warrior
 12292 | D:10     | Found a flagged portal.
 12298 | D:10     | Identified the +7 hand axe of Malum In Se {drain, *Noise
                  | rN+ Str+4}
 12302 | Bailey   | XOM: stealth player
 12302 | Bailey   | Entered a bailey
 12459 | Bailey   | XOM: give mutations
 12459 | Bailey   | Gained mutation: You sometimes lose your temper in combat.
                  | [Xom's mischief]
 12459 | Bailey   | Gained mutation: You are frail. (-10% HP) [Xom's mischief]
 12459 | Bailey   | Lost mutation: You sometimes lose your temper in combat.
                  | [Xom's mischief]
 12913 | Bailey   | XOM: smoke on damage
 13481 | D:10     | Noticed Azoth's ghost (journeyman DrSh)
 13484 | D:10     | Found a runed translucent gate.
 13484 | D:10     | Found a runed translucent gate.
 13484 | D:10     | Found a runed translucent gate.
 13485 | D:10     | Noticed a catoblepas
 13521 | D:10     | Slain by a yak

Illustrated notes

Levels and vault maps discovered:
D:1:      eino_arrival_cavern_e, layout_loops_ring, chequers_avenue
D:2:      layout_basic, shapermc_ecumenical_altar_totnotflames,
          nicolae_eternal_life, minmay_pentomino_o4
D:3:      layout_rooms, uniq_ijyb, uniq_crazy_yiuf_cottage, uniq_sigmund
D:4:      layout_basic, minmay_hollow_rounded_squares
D:5:      layout_cave_pods, minmay_temple_entry_purple_smoke
D:6:      layout_cave_pools, uniq_grinder
D:7:      layout_loops_ring
D:8:      layout_basic, fedhas_altar_fruit_tree, nrook_mini_backslash,
          due_unseen_surprise, uniq_jeremiah
D:9:      layout_basic, david_lair_shrubbed, serial_corexii_hall,
          corexii_hall_statues_s, chequers_hall_statues_wall_a,
          chequers_serial_rivers_micro_d, st_stairs_14
D:10:     layout_long_grid, gammafunk_ghost_split, enter_bailey_2,
          roderic_batcave

Skill      XL: |  1  2  3  4  5  6  7  8  9 10 11 |
---------------+----------------------------------+-----
Spellcasting   | 3 4 5 6 7 9 |  9.8
Conjurations   | 3 4 5 6 7 9 |  9.8
Hexes          | 3 4 5 6 7 9 |  9.8
Summonings     | 3 4 5 6 7 9 |  9.8
Necromancy     | 3 4 5 6 7 9 |  9.8
Translocations | 3 4 5 6 7 9 |  9.8
Fire Magic     | 3 4 5 6 7 9 |  9.8
Ice Magic      | 3 4 5 6 7 9 |  9.8
Air Magic      | 3 4 5 6 7 9 |  9.8
Earth Magic    | 3 4 5 6 7 9 |  9.8
Alchemy        | 3 4 5 6 7 9 |  9.8
Fighting       | 3 5 6 7 9 11 12 | 12.5
Long Blades    | |  1.7
Throwing       | |  0.7
Armour         | |  1.0
Dodging        | |  2.1

Action                     |  1- 3 |  4- 6 |  7- 9 | 10-12 || total
---------------------------+-------+-------+-------+-------++-------
  Melee: Falchion          |    37 |       |    11 |    32 ||    80
         Dagger            |    47 |     1 |     4 |       ||    52
         Punch             |     1 |       |     1 |     2 ||     4
   Cast: Foxfire           |    30 |    97 |   366 |   487 ||   980
         Blink             |       |       |       |    12 ||    12
         Teleport Other    |       |       |       |     3 ||     3
         Leda's Liquefacti |       |       |       |     3 ||     3
         Ensorcelled Hiber |       |       |       |     1 ||     1
         Lesser Beckoning  |       |       |       |     1 ||     1
         Vhi's Electric Ch |       |       |       |     1 ||     1
  Evoke: Wand              |       |       |       |    14 ||    14
    Use: Scroll            |       |       |     7 |    13 ||    20
         Potion            |       |       |       |     3 ||     3
 Armour: Leather armour    |    74 |    11 |     5 |       ||    90
         Robe              |       |       |    41 |   226 ||   267
  Dodge: Dodged            |    57 |    13 |    49 |   140 ||   259
  Block: Other             |       |       |       |    42 ||    42

Table legend: (Time is in decaauts)
 A = Elapsed time spent in this place.
 B = Non-inter-level travel time spent in this place.
 C = Inter-level travel time spent in this place.
 D = Time resting spent in this place.
 E = Time spent auto-exploring this place.
 F = Levels seen in this place.
 G = Mean time per level.
                   A        B        C        D        E       F      G
               +--------+--------+--------+--------+--------+-----+--------+
         Total |  13554 |  13098 |    456 |   1261 |   9551 |  11 | 1232.2 |
       Dungeon |  12417 |  11961 |    456 |    751 |   9168 |  10 | 1241.7 |
        Bailey |   1137 |   1137 |      0 |    510 |    383 |   1 | 1137.0 |
               +--------+--------+--------+--------+--------+-----+--------+

Top non-repeatable levels by time:
     D:8: 2106 daAuts
     D:9: 2082 daAuts
     D:7: 1552 daAuts
     D:4: 1518 daAuts
     D:2: 1190 daAuts
     D:5: 1172 daAuts
  Bailey: 1137 daAuts
     D:1: 995 daAuts
     D:3: 885 daAuts
     D:6: 777 daAuts
    D:10: 136 daAuts
